 Dungeon Crawl Stone Soup version 0.30-a0-757-ga6a79fd877 (webtiles) character file.

Game seed: 5618598721499452579

4 sircluck the Shooter (level 1, 0/10 HPs)
             Began as a Spriggan Hunter on Feb 9, 2023.
             Slain by a quokka (5 damage)
             ... on level 1 of the Dungeon.
             The game lasted 00:00:38 (224 turns).

sircluck the Shooter (Spriggan Hunter)               Turns: 224, Time: 00:00:39

Health: 0/10       AC:  2    Str:  7    XL:     1   Next: 50%
Magic:  2/2        EV: 17    Int: 10    God:
Gold:   30         SH:  0    Dex: 18    Spells: 0/0 levels left

rFire   . . .      SeeInvis +    a - +0 shortbow
rCold   . . .      Faith    .    (shield currently unavailable)
rNeg    . . .      Spirit   .    c - +0 robe
rPois   .          Reflect  .    (helmet restricted)
rElec   .          Harm     .    (no cloak)
rCorr   .          Rampage  .    (gloves unavailable)
Will    .....                    (boots unavailable)
Stlth   ++                       (no amulet)
HPRegen 0.21/turn                (no ring)
MPRegen 0.08/turn                (no ring)

@: very quick
A: very small, no large weapons, unfitting armour, see invisible, speed 3
a: no special abilities


You were on level 1 of the Dungeon.
You visited 1 branch of the dungeon, and saw 1 of its levels.

You collected 30 gold pieces.

Inventory:

Hand Weapons
 a - a +0 shortbow (weapon)
Missiles
 e - 6 poisoned darts
Armour
 c - a +0 robe (worn)
Scrolls
 b - a scroll of immolation
 h - a scroll of identify {unknown}
Potions
 d - a potion of lignification {unknown}
 f - a potion of cancellation {unknown}
 g - 2 potions of curing {unknown}


   Skills:
 + Level 1.5 Fighting
 + Level 4.2 Ranged Weapons
 + Level 2.7 Dodging
 + Level 1.5 Stealth


You couldn't memorise any spells.
You didn't know any spells.
Your spell library was empty.

Dungeon Overview and Level Annotations

Branches:
Dungeon (1/15)

Altars:


Innate Abilities, Weirdness & Mutations

You are very small and have problems with some larger weapons.
You are too small for most types of armour.
You have supernaturally acute eyesight. (SInv)
You cover ground extremely quickly. (Speed+++)


Message History

There is a stone staircase leading down here.
Found a stone staircase leading down.
Found a ring mail.
Found a helmet.
A frilled lizard comes into view.
You see here 15 gold pieces.
A frilled lizard is nearby!
A frilled lizard is nearby!
You shoot an arrow. The arrow hits the frilled lizard!
You kill the frilled lizard!
No target in view!
No target in view!
No target in view!
You now have 30 gold pieces (gained 15).
A quokka comes into view.
A quokka is nearby!
A quokka is nearby!
A quokka is nearby!
A quokka is nearby!
A quokka is nearby!
You shoot an arrow. The arrow closely misses the quokka.
The quokka bites you.
You shoot an arrow. The arrow closely misses the quokka.
The quokka misses you.
You shoot an arrow. The arrow barely misses the quokka.
The quokka closely misses you. The quokka barely misses you.
You shoot an arrow. The arrow hits the quokka.
The quokka is heavily wounded.
The quokka bites you.
You are too injured to fight recklessly!
You are too injured to fight recklessly!
You are too injured to fight recklessly!
You are too injured to fight recklessly!
You are too injured to fight recklessly!
You are too injured to fight recklessly!
You are too injured to fight recklessly!
You shoot an arrow.
The arrow hits the quokka but does no damage.
The quokka is heavily wounded.
The quokka bites you.
Ouch! That really hurt!
You die...

#.#
####.........#
#.# ###..######
#.# ##....# #>
##.....# #.
#......# ##
###.#....#.
##.##...........
......[..#.......
#####..@##.##....
.......r.........
#####.##.†###...[
... .## .... ##
#....^ #####


You could see a quokka.

Vanquished Creatures
  An endoplasm (D:1)
  2 bats (D:1)
  A frilled lizard (D:1)
4 creatures vanquished.

Notes
Turn   | Place    | Note
-------+----------+-------------------------------------------
     0 | D:1      | sircluck the Spriggan Hunter began the quest for the Orb.
     0 | D:1      | Reached XP level 1. HP: 10/10 MP: 2/2
   224 | D:1      | Slain by a quokka

Illustrated notes

Levels and vault maps discovered:
D:1:      minmay_arrival_widening_spiral_wide, layout_rooms, minmay_pentomino_x2

Action                     || total
---------------------------++-------
   Fire: Shortbow          ||    14
 Armour: Robe              ||     1
  Dodge: Dodged            ||     6

Table legend: (Time is in decaauts)
 A = Elapsed time spent in this place.
 B = Non-inter-level travel time spent in this place.
 C = Inter-level travel time spent in this place.
 D = Time resting spent in this place.
 E = Time spent auto-exploring this place.
 F = Levels seen in this place.
 G = Mean time per level.
                   A        B        C        D        E       F      G
               +--------+--------+--------+--------+--------+-----+--------+
         Total |    151 |    151 |      0 |      0 |    120 |   1 |  151.0 |
       Dungeon |    151 |    151 |      0 |      0 |    120 |   1 |  151.0 |
               +--------+--------+--------+--------+--------+-----+--------+

Top non-repeatable levels by time:
     D:1: 151 daAuts
